Description

standart pvp macro robo build

Replay - 2 gate robo vs 2 gate blink

Build Order

Get SALT Encoding   

  12  0:00  Probe  
  13  0:12  Probe  
  14  0:17  Pylon  
  14  0:24  Probe (Chrono Boost)  
  15  0:36  Probe (Chrono Boost)  
  15  0:37  Gateway  
  16  0:45  Probe (Chrono Boost)  
  16  0:47  Assimilator  
  17  0:51  Probe  
  18  0:59  Assimilator  
  18  1:03  Probe (Chrono Boost)  
  19  1:09  Gateway  
  19  1:13  Probe x2 (Chrono Boost)  
  21  1:25  Cybernetics Core  
  21  1:29  Probe  
  22  1:38  Pylon  
  24  2:01  Stalker x2  cut probes
  24  2:05  Warp Gate  
  28  2:14  Pylon  
  28  2:28  Pylon  scouting pylon on opponent's ramp
  28  2:33  Stalker x2  
  32  2:45  Robotics Facility  
  32  3:13  Nexus  
  32  3:19  Sentry x2  resume probes
  36  3:30  Warp Prism (Chrono Boost)  
  38  3:40  Pylon  
  39  3:58  Adept x2  
  39  4:01  Observer  
  45  4:37  Stalker x2  
  51  4:47  Immortal  
  55  5:07  Shield Battery  
  55  5:10  Adept  
  55  5:12  Sentry  
  61  5:27  Immortal  
  66  5:33  Sentry  
  70  5:47  Twilight Council  
  72  5:57  Forge  
  72  5:59  Assimilator x2  
  72  6:09  Stalker x2  
  78  6:18  Immortal (Chrono Boost)  
  78  6:22  Protoss Ground Weapons Level 1 (Chrono Boost)  
  82  6:32  Charge (Chrono Boost)  
  84  6:48  Gateway x2  
  85  7:01  Nexus  
  85  7:10  Immortal  
  89  7:15  Templar Archives  
  89  7:35  Gateway x2  
  89  7:42  Zealot x4  
  97  7:51  Gateway x2  
  95  8:04  High Templar x4  
  101  8:08  Archon x2  
  90  8:29  Zealot  
Spawning Tool Build Advisor. Get it on Overwolf

Go to:

Details

  • Created by: Joaco
  • Published on: Nov 18, 2020
  • Modified on: Nov 20, 2020
  • Patch: 4.11.0
  • Difficulty: Medium
Show
View Real Time Build Order
Export as new Build Order

Comments (0)

There are no comments. Be the first!

Create an account to comment!